 Dungeon Crawl Stone Soup version 0.29.1-15-g9cfb28693d (webtiles) character file.

Game seed: 2074703641756734210

100 Descartes the Shield-Bearer (level 4, 0/45 HPs)
             Began as a Troll Fighter on Mar 8, 2023.
             Killed from afar by Natasha (8 damage)
             ... with a magic dart
             ... on level 3 of the Dungeon.
             The game lasted 00:01:56 (1486 turns).

Descartes the Shield-Bearer (Troll Fighter)         Turns: 1486, Time: 00:01:58

Health: 0/45       AC:  7    Str: 26    XL:     4   Next: 47%
Magic:  3/3        EV:  8    Int:  4    God:
Gold:   88         SH:  7    Dex:  9    Spells: 3/3 levels left

rFire   + . .      SeeInvis .   a - +0 flail
rCold   . . .      Faith    .   c - +0 kite shield
rNeg    + . .      Spirit   .   n - +2 robe {Will+}
rPois   .          Reflect  .   (helmet restricted)
rElec   .          Harm     .   e - +0 cloak
rCorr   .          Rampage  .   (gloves unavailable)
Will    +....                   (boots unavailable)
Stlth   +.........              (no amulet)
HPRegen 0.95/turn               i - ring of protection from fire
MPRegen 0.08/turn               m - ring of positive energy

@: lethally poisoned (0 -> -9)
A: large, unfitting armour, claws 3, regeneration 1, shaggy fur 1, tough skin 1
a: no special abilities


You were on level 3 of the Dungeon.
You visited 1 branch of the dungeon, and saw 3 of its levels.

You collected 88 gold pieces.

Inventory:

Hand Weapons
 a - a +0 flail (weapon)
Armour
 b - a +0 robe
 c - a +0 kite shield (worn)
 e - a +0 cloak (worn)
 n - a +2 robe of willpower (worn)
Jewellery
 i - a ring of protection from fire (left claw)
 m - a ring of positive energy (right claw)
 o - a ring of resist corrosion
Scrolls
 f - a scroll of magic mapping {unknown}
 h - 4 scrolls of identify {unknown}
Potions
 d - a potion of might
 g - 2 potions of haste {unknown}
 j - a potion of berserk rage {unknown}
 k - a potion of brilliance {unknown}
 l - a potion of attraction {unknown}
 p - a potion of flight {unknown}


   Skills:
 + Level 3.0 Fighting
 + Level 2.5 Maces & Flails
 + Level 3.0 Dodging
 + Level 3.3 Shields


You had 3 spell levels left.
You didn't know any spells.
Your spell library contained the following spells:

 Spells                   Type           Power      Damage    Failure   Level
 Call Canine Familiar     Summ           0%         N/A       99%         3
 Portal Projectile        Hex/Tloc       0%         N/A       99%         3
 Leda's Liquefaction      Hex/Erth       0%         N/A       100%        4


Dungeon Overview and Level Annotations

Branches:
Dungeon (3/15)

Altars:
Dithmenos

Annotations:
D:3 Natasha


Innate Abilities, Weirdness & Mutations

You are too large for most types of armour.
You have claws for hands.
Your natural rate of healing is unusually fast.
You are covered in fur. (AC +1)
You have tough skin. (AC +1)


Message History

Ijyb is heavily wounded.
You block Ijyb's attack.
Ijyb zaps a wand.
You resist with some effort.
You completely miss Ijyb.
Ijyb is heavily wounded.
Ijyb hits you with a +5 dagger of venom.
You are poisoned.
You closely miss Ijyb.
Ijyb is heavily wounded.
You feel very sick.
Ijyb hits you with a +5 dagger of venom.
You are more poisoned.
Ijyb zaps a wand.
You resist with some effort.
You hit Ijyb.
Ijyb is severely wounded.
You feel very sick.
Natasha mumbles some strange words.
Ijyb barely misses you.
You barely miss Ijyb.
Ijyb is severely wounded.
You feel very sick. You block Ijyb's attack.
You sock Ijyb!
Ijyb is almost dead.
You feel sick.
Ijyb zaps a wand.
You resist with some effort.
Ijyb hits you with a +5 dagger of venom.
You are more poisoned.
You barely miss Ijyb.
Ijyb is almost dead.
You feel very sick.
Natasha hisses.
Natasha mumbles some strange words.
Ijyb hits you with a +5 dagger of venom.
You are lethally poisoned!
You hit Ijyb.
You kill Ijyb!
* * * LOW HITPOINT WARNING * * *
You feel extremely sick.
Natasha stares at you and mumbles some strange words.
The magic dart hits you!
You die...

. #. ... . ....... #.
....... ##. ###..... #
#.5 ......## .# #. #5#
........ ...#. #h#
.......# ...... ###@#
........ #....###...#
........ #..>..###
####+##. ###.###
#######.##.
####.##########.......##.
#....##..................
#.#####.####....#..######
#.......# #.####..#.....
######### #.......#.####


You could see an iron imp (summoned), Natasha and a crimson imp (summoned).

Vanquished Creatures
  Jessica (D:2)
  Ijyb (D:3)
  3 worms (D:2)
  3 dart slugs
  An orc (D:2)
  5 ball pythons
  8 endoplasms
  2 giant cockroaches (D:1)
  8 hobgoblins
  4 jackals (D:1)
  A quokka (D:1)
  5 bats
  2 frilled lizards (D:2)
  3 goblins
  4 kobolds
  5 rats
56 creatures vanquished.

Notes
Turn   | Place    | Note
-------+----------+-------------------------------------------
     0 | D:1      | Descartes the Troll Fighter began the quest for the Orb.
     0 | D:1      | Reached XP level 1. HP: 22/22 MP: 0/0
    69 | D:1      | Reached XP level 2. HP: 29/29 MP: 1/1
   231 | D:1      | Reached XP level 3. HP: 36/36 MP: 2/2
   785 | D:2      | Found a shadowy altar of Dithmenos.
   910 | D:2      | Noticed Jessica
   918 | D:2      | Killed Jessica
   919 | D:2      | Reached XP level 4. HP: 44/44 MP: 3/3
  1475 | D:3      | Noticed Ijyb
  1475 | D:3      | Noticed Natasha
  1486 | D:3      | Killed Ijyb
  1486 | D:3      | Killed from afar by Natasha

Illustrated notes

Levels and vault maps discovered:
D:1:      dpeg_arrival_ternary, layout_basic, minmay_pentomino_q2
D:2:      layout_rooms, basic_altar, grunt_decor_one_mirror,
          grunt_decor_arrowhead, corexii_leaking_fountain, uniq_jessica
D:3:      layout_basic, nicolae_dithmenos_the_darkroom, lightli_temple_of_fire,
          hangedman_decor_opposing, uniq_terence, uniq_ijyb, uniq_natasha

Skill      XL: |  1  2  3  4 |
---------------+-------------+-----
Maces & Flails | 2 |  2.5
Shields        | 3 |  3.3
Dodging        | 3 |  3.0
Fighting       | 3 |  3.0

Action                   |  1- 3 |  4- 6 || total
-------------------------+-------+-------++-------
Melee: Flail             |   125 |    54 ||   179
Armor: Robe              |    56 |    16 ||    72
Dodge: Dodged            |    46 |    24 ||    70
Block: Kite shield       |    61 |    23 ||    84
